Map: Blueshift LE

Players

Michael - Winner!

  • Race: Protoss Protoss
  • League: Platinum
  • Spawn Location: 1:00

Khun

  • Race: Terran Terran
  • League: Silver
  • Spawn Location: 7:00

VOD

Have the link to the VOD?

Description

Time

  • Played on: Oct. 13, 2018, 4:42 p.m.
  • Length: 9:04
Show
View Real Time Build Order
Export as new Build Order

Michael Protoss - Winner!

Build Orders:  

Get SALT Encoding   

  1  0:00  Probe  
  12  0:05  Probe  
  14  0:19  Pylon  
  14  0:22  Probe  
  15  0:37  Probe  
  15  0:40  Gateway  
  16  0:47  Assimilator  
  16  0:49  Probe  
  17  1:01  Probe  
  18  1:13  Probe  
  18  1:15  Gateway  
  19  1:24  Gateway  
  19  1:30  Cybernetics Core  
  19  1:32  Probe  
  20  1:40  Zealot, Probe  
  23  1:50  Warp Gate  
  23  2:21  Pylon  
  23  2:33  Pylon  
  23  2:39  Zealot x2, Probe  
  23  2:41  Nexus  
  28  2:52  Probe  
  29  3:00  Stargate  
  29  3:04  Probe  
  30  3:06  Forge  
  30  3:14  Pylon  
  30  3:19  Zealot  
  32  3:45  Void Ray  
  32  3:52  Pylon  
  34  4:03  Gateway  
  34  4:05  Probe  
  34  4:08  Probe  
  36  4:13  Probe  
  36  4:17  Assimilator  
  36  4:20  Probe  
  36  4:21  Zealot  
  36  4:22  Probe  
  40  4:25  Zealot  
  40  4:27  Zealot  
  45  4:32  Probe  
  45  4:34  Probe  
  45  4:35  Void Ray  
  47  4:45  Zealot  
  53  5:00  Photon Cannon  
  53  5:11  Twilight Council  
  53  5:12  Probe  
  53  5:13  Probe  
  55  5:25  Probe x2  
  57  5:35  Probe  
  57  5:36  Protoss Ground Weapons Level 1  
  57  5:37  Probe  
  57  5:40  Assimilator  
  59  5:43  Probe  
  59  5:45  Assimilator  
  59  5:48  Zealot x3  
  59  5:49  Charge  
  66  5:51  Probe  
  66  5:55  Zealot  
  69  6:03  Probe  
  70  6:26  Pylon  
  70  6:39  Pylon  
  70  6:41  Pylon  
  70  6:43  Pylon  
  70  6:44  Probe x2  
  70  6:45  Zealot x3  
  78  6:50  Photon Cannon  
  78  6:53  Photon Cannon  
  74  6:56  Probe x2  
  74  6:57  Zealot  
  76  7:08  Probe x2  
  66  7:19  Void Ray  
  66  7:20  Probe x2  
  72  7:23  Zealot  
  72  7:24  Zealot x2  
  78  7:32  Probe  
  79  7:44  Stalker x2  
  79  7:45  Stalker  
  79  7:47  Zealot  
  87  8:01  Void Ray  
  91  8:07  Stalker  
  91  8:08  Stalker  
  87  8:26  Zealot x2  
  81  8:34  Gateway  
  81  8:36  Gateway  
  81  8:39  Gateway  
  77  8:42  Pylon  
  77  8:43  Photon Cannon  
  77  8:44  Photon Cannon  
  77  8:46  Photon Cannon  
  77  8:48  Gateway  
  77  8:49  Shield Battery  
  77  8:52  Probe x2  
  77  8:54  Zealot x2  
  77  8:55  Zealot x2  
Show
View Real Time Build Order
Export as new Build Order

Khun Terran 

Build Orders:  

Get SALT Encoding   

  12  0:01  SCV  
  13  0:13  SCV  
  14  0:17  Supply Depot  
  14  0:25  SCV  
  15  0:29  Refinery  
  15  0:39  SCV  
  16  0:49  Barracks  
  16  0:54  SCV  
  17  1:06  SCV  
  18  1:18  SCV  
  19  1:30  SCV  
  20  1:39  Supply Depot  
  20  1:42  SCV  
  20  1:45  Factory  
  21  1:50  Supply Depot  
  21  1:59  Barracks Reactor  
  21  2:09  Orbital Command  
  21  2:26  Command Center  
  21  2:35  Barracks  
  21  2:47  Hellion  
  23  2:55  Barracks Tech Lab, Refinery  
  23  3:01  Starport  
  23  3:03  SCV  
  24  3:15  SCV, Supply Depot  
  24  3:19  Widow Mine  
  26  3:36  Marauder  
  27  3:48  Hellion x2  
  31  3:55  Starport Tech Lab  
  31  4:01  SCV  
  32  4:12  Supply Depot  
  32  4:13  SCV  
  32  4:16  Stimpack  
  33  4:17  Barracks Reactor  
  33  4:27  SCV  
  34  4:37  Viking  
  36  4:39  SCV  
  37  4:45  Barracks  
  37  4:46  Orbital Command  
  37  4:50  Refinery  
  37  5:00  Widow Mine x2  
  37  5:02  SCV  
  42  5:09  Marine x2  
  44  5:15  Refinery  
  44  5:36  Barracks Reactor  
  44  5:42  Marine x2  
  45  5:43  SCV  
  45  5:44  SCV  
  45  5:47  Medivac  
  45  5:48  Viking  
  52  5:55  SCV  
  52  5:56  SCV  
  54  6:01  Engineering Bay  
  54  6:03  Supply Depot  
  54  6:09  Marine x2, Starport  
  54  6:10  Siege Tank, Marauder  
  59  6:29  Viking x2  
  36  7:10  Liberator  
  36  7:12  Liberator  
  33  7:16  Siege Tank  
  40  7:50  Starport  
  40  7:51  Barracks  
  40  8:11  Siege Tank  
  43  8:39  Barracks  
  35  8:44  Barracks Reactor  
Tags
 
Add a new tag
Caveats
  • Supply blocks, unpowered buildings, or Contaminate may cause inaccurate times.
  • Supply counts are checked every 10 seconds.